MLB
KANSAS CITY ROYALS @ ST. LOUIS CARDINALS
07/06/2045
 
TOP OF THE 1ST
Kansas City Royals batting - Pitching for St. Louis Cardinals : RHP Doug Nickey
Pitching: RHP Doug Nickey
Batting: RHB Mike Jaquez 0-0: Ball
1-0: Called Strike
1-1: Called Strike
1-2: Strikes out swinging
Batting: SHB Gareth Busby 0-0: Called Strike
0-1: Ball
1-1: Ball
2-1: Ball
3-1: Foul Ball, location: 2F
3-2: Fly out, F8 (Line Drive, 8RD, EV 100.6 MPH)
Batting: LHB Mike Meyerhoff 0-0: Foul Ball, location: 2F
0-1: Ground out 6-3 (Groundball, 6S, EV 78.1 MPH)
Top of the 1st over - 0 runs, 0 hits, 0 errors, 0 left on base; Kansas City 0 - St. Louis 0
BOTTOM OF THE 1ST
St. Louis Cardinals batting - Pitching for Kansas City Royals : RHP Tom Jensen
Pitching: RHP Tom Jensen
Batting: RHB Tenshou Takita 0-0: Swinging Strike
0-1: Ball
1-1: SINGLE (Groundball, 56S, EV 71.9 MPH) (infield hit)
Batting: LHB Frank Hill 0-0: Called Strike
0-1: Ball
1-1: Fly out, F8 (Flyball, 8RXD, EV 89.4 MPH)
Batting: SHB Antoine Roux 0-0: Ball
Tenshou Takita is caught stealing 2nd base 2-6
1-0: Ground out 3-1 (Groundball, 34, EV 88.1 MPH)
Bottom of the 1st over - 0 runs, 1 hit, 0 errors, 0 left on base; Kansas City 0 - St. Louis 0
TOP OF THE 2ND
Kansas City Royals batting - Pitching for St. Louis Cardinals : RHP Doug Nickey
Batting: SHB Tony Prado 0-0: Swinging Strike
0-1: Foul Ball, location: 2F
0-2: Foul Ball, location: 2F
0-2: Ball
1-2: Ball
2-2: Ball
3-2: Ground out U3 (Groundball, 3, EV 81.9 MPH)
Batting: LHB Manny Estrada 0-0: Swinging Strike
0-1: SOLO HOME RUN (Flyball, 9D, EV 98.1 MPH), Distance : 370 ft
Batting: LHB Bill Baconneck 0-0: Ball
1-0: Called Strike
1-1: Ball
2-1: SINGLE (Groundball, 4M, EV 99.4 MPH)
Batting: LHB Zion Davidson 0-0: Ball
1-0: Called Strike
1-1: Fly out, F8 (Flyball, 8RD, EV 94.4 MPH)
Batting: RHB Adam Martin 0-0: Ball
1-0: Foul Ball, location: 2F
1-1: DOUBLE (Line Drive, 8LXD, EV 103.8 MPH)
Bill Baconneck to third
Runner from 3rd tries for Home, SAFE, throw by CF to trailing runner, SAFE at third!
Batting: LHB Sam Britt 0-0: Ball
1-0: Foul Ball, location: 2F
1-1: Foul Ball, location: 2F
1-2: Ground out 4-3 (Groundball, 34, EV 88.1 MPH)
Top of the 2nd over - 2 runs, 3 hits, 0 errors, 1 left on base; Kansas City 2 - St. Louis 0
BOTTOM OF THE 2ND
St. Louis Cardinals batting - Pitching for Kansas City Royals : RHP Tom Jensen
Batting: LHB Ben Rubenacker 0-0: Ball
1-0: Ball
2-0: Ball
3-0: Single, Error in OF, E9, batter to second base (Groundball, 3D, EV 105.6 MPH)
Batting: RHB Eric Chotkowski 0-0: Called Strike
0-1: Foul Ball, location: 2F
0-2: Foul Ball, location: 2F
0-2: Ball
1-2: Ball
2-2: Foul Ball, location: 2F
2-2: Strikes out swinging
Batting: SHB Hans Mikkelsen 0-0: Ball
1-0: Ball
2-0: Foul Ball, location: 2F
2-1: Swinging Strike
2-2: Strikes out swinging
Batting: RHB Rick O'Reilly 0-0: Ground out 4-3 (Groundball, 4S, EV 86.9 MPH)
Bottom of the 2nd over - 0 runs, 1 hit, 1 error, 1 left on base; Kansas City 2 - St. Louis 0
TOP OF THE 3RD
Kansas City Royals batting - Pitching for St. Louis Cardinals : RHP Doug Nickey
Batting: RHB Mike Jaquez 0-0: Ball
1-0: Swinging Strike
1-1: Ball
2-1: Called Strike
2-2: Strikes out swinging
Batting: SHB Gareth Busby 0-0: Ball
1-0: Ball
2-0: Swinging Strike
2-1: Foul Ball, location: 2F
2-2: Foul Ball, location: 2F
2-2: Ball
3-2: Base on Balls
Batting: LHB Mike Meyerhoff 0-0: Ball
1-0: Swinging Strike
1-1: Called Strike
1-2: Ball
2-2: SINGLE (Groundball, 6MD, EV 99.4 MPH)
Gareth Busby to second
Runner from 2nd tries for 3rd, SAFE, throw by CF made to third
Mike Meyerhoff to second
Batting: SHB Tony Prado 0-0: Ball
1-0: Ball
2-0: Ball
3-0: Called Strike
3-1: Swinging Strike
3-2: Strikes out swinging
Batting: LHB Manny Estrada 0-0: Called Strike
0-1: Foul Ball, location: 2F
0-2: Foul Ball, location: 2F
0-2: Ball
1-2: Ball
2-2: Foul Ball, location: 2F
2-2: Ball
3-2: DOUBLE (Flyball, 8RXD, EV 100.0 MPH)
Gareth Busby scores
Mike Meyerhoff scores
Batting: LHB Bill Baconneck 0-0: Called Strike
0-1: Called Strike
0-2: Strikes out swinging
Top of the 3rd over - 2 runs, 2 hits, 0 errors, 1 left on base; Kansas City 4 - St. Louis 0
BOTTOM OF THE 3RD
St. Louis Cardinals batting - Pitching for Kansas City Royals : RHP Tom Jensen
Batting: RHB Sergio Godinez 0-0: Foul Ball, location: 2F
0-1: Ball
1-1: Called Strike
1-2: Ground out 4-3 (Groundball, 4, EV 87.5 MPH)
Batting: RHB Dustin Clark 0-0: Foul Ball, location: 2F
0-1: Swinging Strike
0-2: Ball
1-2: Ball
2-2: Ball
3-2: DOUBLE (Line Drive, 7LM, EV 95.6 MPH)
Batting: RHB Tenshou Takita 0-0: Ball
1-0: Ball
2-0: Foul Ball, location: 2F
2-1: Called Strike
2-2: Foul Ball, location: 2F
2-2: Reached on error, E6 (Groundball, 6, EV 110.6 MPH)
Dustin Clark to third
Batting: LHB Frank Hill 0-0: Swinging Strike
0-1: Ball
1-1: Fielders Choice at 2nd, 4-6 (Groundball, 4, EV 85.0 MPH)
Dustin Clark scores
Batting: SHB Antoine Roux 0-0: Ball
Frank Hill is caught stealing 2nd base 2-6
Bottom of the 3rd over - 1 run, 1 hit, 1 error, 0 left on base; Kansas City 4 - St. Louis 1
TOP OF THE 4TH
Kansas City Royals batting - Pitching for St. Louis Cardinals : RHP Doug Nickey
Batting: LHB Zion Davidson 0-0: Foul Ball, location: 2F
0-1: Ball
1-1: Called Strike
1-2: Strikes out swinging
Batting: RHB Adam Martin 0-0: SINGLE (Groundball, 5S, EV 64.4 MPH) (infield hit)
Batting: LHB Sam Britt 0-0: TRIPLE (Flyball, 9LD, EV 105.0 MPH)
Adam Martin scores
Pitching: LHP Brad Jonas
Batting: RHB Mike Jaquez 0-0: DOUBLE (Line Drive, 9LS, EV 96.9 MPH)
Sam Britt scores
Batting: SHB Gareth Busby 0-0: Swinging Strike
0-1: Ball
1-1: Hit by Pitch
Batting: LHB Mike Meyerhoff 0-0: Ball
1-0: Ball
2-0: Ball
3-0: Base on Balls
Mike Jaquez to third
Gareth Busby to second
Batting: SHB Tony Prado 0-0: Called Strike
0-1: Foul Ball, location: 2F
0-2: Ball
1-2: Fly out, F8 (Flyball, 8RD, EV 98.8 MPH)
Runner from 3rd tags up, OUT at HOME! 8-2
Top of the 4th over - 2 runs, 3 hits, 0 errors, 2 left on base; Kansas City 6 - St. Louis 1
BOTTOM OF THE 4TH
St. Louis Cardinals batting - Pitching for Kansas City Royals : RHP Tom Jensen
Batting: SHB Antoine Roux 0-0: Ball
1-0: Foul Ball, location: 2F
1-1: Swinging Strike
1-2: SINGLE (Line Drive, 78M, EV 111.2 MPH)
Batting: LHB Ben Rubenacker 0-0: Called Strike
0-1: SINGLE (Groundball, 25, EV 69.4 MPH) (infield hit)
Antoine Roux to second
Batting: RHB Eric Chotkowski 0-0: Ball
1-0: Foul Ball, location: 2F
1-1: Fly out, F8 (Flyball, 8RXD, EV 89.4 MPH)
Runner from 2nd tags up, SAFE at 3rd, no throw by CF
Batting: SHB Hans Mikkelsen 0-0: Called Strike
0-1: Ball
1-1: Fly out, F7 (Flyball, 7S, EV 95.6 MPH)
Batting: RHB Rick O'Reilly 0-0: Ball
1-0: Ball
2-0: Ball
3-0: Called Strike
3-1: SINGLE (Flyball, 78S, EV 94.4 MPH)
Antoine Roux scores
Ben Rubenacker to second
Batting: RHB Sergio Godinez 0-0: Ball
1-0: Foul Ball, location: 2F
1-1: SINGLE (Line Drive, 56D, EV 98.1 MPH)
Ben Rubenacker to third
Rick O'Reilly to second
Runner from 3rd tries for Home, SAFE, throw by LF to home
Batting: RHB Dustin Clark 0-0: Called Strike
0-1: Called Strike
0-2: Strikes out swinging
Bottom of the 4th over - 2 runs, 4 hits, 0 errors, 2 left on base; Kansas City 6 - St. Louis 3
TOP OF THE 5TH
Kansas City Royals batting - Pitching for St. Louis Cardinals : LHP Brad Jonas
Batting: LHB Manny Estrada 0-0: Foul Ball, location: 2F
0-1: Foul Ball, location: 2F
0-2: Foul Ball, location: 2F
0-2: Strikes out swinging, 2-3 out at first.
Batting: LHB Bill Baconneck 0-0: Ball
1-0: Ball
2-0: DOUBLE (Flyball, 89D, EV 106.2 MPH)
Batting: LHB Zion Davidson 0-0: Called Strike
0-1: Ball
1-1: Called Strike
1-2: Ground out 4-3 (Groundball, 4, EV 89.4 MPH)
Bill Baconneck to third
Batting: RHB Adam Martin 0-0: Fly out, F8 (Flyball, 78D, EV 102.5 MPH)
Top of the 5th over - 0 runs, 1 hit, 0 errors, 1 left on base; Kansas City 6 - St. Louis 3
BOTTOM OF THE 5TH
St. Louis Cardinals batting - Pitching for Kansas City Royals : RHP Tom Jensen
Batting: RHB Tenshou Takita 0-0: Called Strike
0-1: Swinging Strike
0-2: Ball
1-2: Strikes out swinging
Batting: LHB Frank Hill 0-0: Ball
1-0: Fly out, F8 (Flyball, 8LM, EV 78.1 MPH)
Batting: SHB Antoine Roux 0-0: Ball
1-0: Foul Ball, location: 2F
1-1: Ball
2-1: Foul Ball, location: 2F
2-2: Foul Ball, location: 2F
2-2: Foul Ball, location: 2F
2-2: Strikes out looking
Bottom of the 5th over - 0 runs, 0 hits, 0 errors, 0 left on base; Kansas City 6 - St. Louis 3
TOP OF THE 6TH
Kansas City Royals batting - Pitching for St. Louis Cardinals : LHP Brad Jonas
Batting: LHB Sam Britt 0-0: Called Strike
0-1: Called Strike
0-2: Ball
1-2: Foul Ball, location: 2F
1-2: Fly out, F8 (Flyball, 78D, EV 98.1 MPH)
Batting: RHB Mike Jaquez 0-0: DOUBLE (Line Drive, 5D, EV 104.4 MPH)
Batting: SHB Gareth Busby 0-0: Ball
1-0: Called Strike
1-1: Foul Ball, location: 2F
1-2: Ball
2-2: Strikes out looking
Batting: LHB Mike Meyerhoff 0-0: Ball
1-0: Foul Ball, location: 2F
1-1: Foul Ball, location: 2F
1-2: Ball
2-2: Ground out 4-3 (Groundball, 34D, EV 78.1 MPH)
Top of the 6th over - 0 runs, 1 hit, 0 errors, 1 left on base; Kansas City 6 - St. Louis 3
BOTTOM OF THE 6TH
St. Louis Cardinals batting - Pitching for Kansas City Royals : RHP Tom Jensen
Batting: LHB Ben Rubenacker 0-0: Ground out 4-3 (Groundball, 13, EV 80.6 MPH)
Batting: RHB Eric Chotkowski 0-0: Ball
1-0: Ball
2-0: Ball
3-0: Ground out 4-3 (Groundball, 34, EV 97.5 MPH)
Batting: SHB Hans Mikkelsen 0-0: Called Strike
0-1: Ball
1-1: TRIPLE (Flyball, 9LD, EV 96.9 MPH)
Batting: RHB Rick O'Reilly 0-0: Ball
1-0: Swinging Strike
1-1: Hit by Pitch
Batting: RHB Sergio Godinez 0-0: DOUBLE (Line Drive, 8LXD, EV 111.2 MPH)
Hans Mikkelsen scores
Rick O'Reilly to third
Runner from 3rd tries for Home, SAFE, throw by CF to home
Pitching: RHP Skyler Webster
Pinch Hitting: LHB Tom Butterbaugh 0-0: Ball
1-0: Ball
2-0: Ball
3-0: Base on Balls
Batting: RHB Tenshou Takita 0-0: Called Strike
0-1: Ball
1-1: Swinging Strike
1-2: Ball
2-2: Strikes out swinging
Bottom of the 6th over - 2 runs, 2 hits, 0 errors, 2 left on base; Kansas City 6 - St. Louis 5
TOP OF THE 7TH
Kansas City Royals batting - Pitching for St. Louis Cardinals : LHP Brad Jonas
Pitching: LHP Paul Gill
Now at 2B: Eric Chotkowski
Now at 3B: Tom Butterbaugh
Now at SS: Antoine Roux
Batting: SHB Tony Prado 0-0: Foul Ball, location: 2F
0-1: Ball
1-1: Ball
2-1: Ball
3-1: Ground out 4-3 (Groundball, 4, EV 88.1 MPH)
Pinch Hitting: RHB Imbart Faber 0-0: Ground out 5-3 (Groundball, 5, EV 93.8 MPH)
Batting: LHB Bill Baconneck 0-0: Called Strike
0-1: Ball
1-1: Ground out 1-3 (Groundball, 13, EV 62.5 MPH)
Top of the 7th over - 0 runs, 0 hits, 0 errors, 0 left on base; Kansas City 6 - St. Louis 5
BOTTOM OF THE 7TH
St. Louis Cardinals batting - Pitching for Kansas City Royals : RHP Skyler Webster
Pitching: RHP Gan Ts'ong
Now at 1B: Victor Moya
Batting: LHB Frank Hill 0-0: Swinging Strike
0-1: Foul Ball, location: 2F
0-2: Ground out 5-3 (Groundball, 56S, EV 64.4 MPH)
Batting: SHB Antoine Roux 0-0: Called Strike
0-1: Swinging Strike
0-2: Strikes out swinging
Batting: LHB Ben Rubenacker 0-0: Called Strike
0-1: Foul Ball, location: 2F
0-2: Ground out 4-3 (Groundball, 4, EV 77.5 MPH)
Bottom of the 7th over - 0 runs, 0 hits, 0 errors, 0 left on base; Kansas City 6 - St. Louis 5
TOP OF THE 8TH
Kansas City Royals batting - Pitching for St. Louis Cardinals : LHP Paul Gill
Batting: LHB Zion Davidson 0-0: Called Strike
0-1: Ground out 4-3 (Groundball, 4, EV 80.0 MPH)
Batting: RHB Adam Martin 0-0: Ball
1-0: Swinging Strike
1-1: Ball
2-1: Foul Ball, location: 2F
2-2: Foul Ball, location: 2F
2-2: Ground out 6-3 (Groundball, 6M, EV 89.4 MPH)
Batting: LHB Sam Britt 0-0: Called Strike
0-1: Ball
1-1: Called Strike
1-2: Ball
2-2: Ground out 4-3 (Groundball, 4, EV 81.9 MPH)
Top of the 8th over - 0 runs, 0 hits, 0 errors, 0 left on base; Kansas City 6 - St. Louis 5
BOTTOM OF THE 8TH
St. Louis Cardinals batting - Pitching for Kansas City Royals : RHP Gan Ts'ong
Pitching: RHP Dan Dill
Batting: RHB Eric Chotkowski 0-0: Ground out 6-3 (Groundball, 56, EV 102.5 MPH)
Batting: SHB Hans Mikkelsen 0-0: Foul Ball, location: 2F
0-1: Fly out, F9 (Flyball, 9D, EV 93.8 MPH)
Batting: RHB Rick O'Reilly 0-0: Ball
1-0: Ball
2-0: Ball
3-0: Called Strike
3-1: SINGLE (Groundball, 56S, EV 63.8 MPH) (infield hit)
Batting: RHB Sergio Godinez 0-0: Ball
1-0: Ground out 1-3 (Groundball, 13S, EV 68.8 MPH)
Bottom of the 8th over - 0 runs, 1 hit, 0 errors, 1 left on base; Kansas City 6 - St. Louis 5
TOP OF THE 9TH
Kansas City Royals batting - Pitching for St. Louis Cardinals : LHP Paul Gill
Pitching: RHP Bryan Banana
Batting: RHB Mike Jaquez 0-0: Ball
1-0: Fly out, F8 (Line Drive, 8LD, EV 98.1 MPH)
Batting: SHB Gareth Busby 0-0: Called Strike
0-1: Fly out, F7 (Line Drive, 7, EV 112.5 MPH)
Batting: LHB Mike Meyerhoff 0-0: Ball
1-0: Foul Ball, location: 2F
1-1: Called Strike
1-2: Foul Ball, location: 2F
1-2: Foul Ball, location: 2F
1-2: Strikes out swinging
Top of the 9th over - 0 runs, 0 hits, 0 errors, 0 left on base; Kansas City 6 - St. Louis 5
BOTTOM OF THE 9TH
St. Louis Cardinals batting - Pitching for Kansas City Royals : RHP Dan Dill
Pitching: RHP Bryan Boykin
Batting: LHB Tom Butterbaugh 0-0: Ball
1-0: Fly out, F5 (Popup, 5F, EV 75.0 MPH)
Batting: RHB Tenshou Takita 0-0: Called Strike
0-1: Ball
1-1: Ground out 3-1 (Groundball, 13, EV 80.6 MPH)
Batting: LHB Frank Hill 0-0: Called Strike
0-1: Swinging Strike
0-2: Ball
1-2: Ball
2-2: Fly out, F8 (Flyball, 89D, EV 80.0 MPH)
Bottom of the 9th over - 0 runs, 0 hits, 0 errors, 0 left on base; Kansas City 6 - St. Louis 5
Wednesday, June 22nd , 2022 - OOTP Baseball 23.4 Build 64